 Dungeon Crawl Stone Soup version 0.27-a0-1202-ge72e49191c (webtiles) character file.

Game seed: 9710804968740328222

172267 Morbidden the Carver (level 17, -23/131 HPs)
             Began as a Demonspawn Fighter on June 4, 2021.
             Was the Champion of Cheibriados.
             Killed from afar by a fire dragon (30 damage)
             ... with a blast of flame
             ... on level 4 of the Swamp.
             The game lasted 00:56:06 (35792 turns).

Morbidden the Carver (Demonspawn Fighter)          Turns: 35792, Time: 00:56:07

Health: -23/131    AC: 14    Str: 33    XL:     17   Next: 40%
Magic:  30/30      EV: 31    Int: 38    God:    Cheibriados [******]
Gold:   2020       SH: 22    Dex: 35    Spells: 24/34 levels left

rFire    . . .     SeeInvis .   b - +8 autumn katana {vorpal, Clar}
rCold    + . .     Faith    .   c - +1 kite shield
rNeg     . . .     Spirit   .   w - +0 swamp dragon scales
rPois    +         Reflect  +   (helmet unavailable)
rElec    .         Harm     .   S - +2 cloak {rC+}
rCorr    .         Rampage  .   Q - +0 pair of gloves
Will     ++...     Clarity  +   (no boots)
Stlth    ++........             d - amulet of reflection
HPRegen  0.31/turn              K - ring of Coboit {Will+ Int+9 Dex+6}
MPRegen  0.22/turn              V - +4 ring of evasion

@: very slow
A: horns 3, repulsion field 2, icemail 2, spiny 2, condensation shield,
bedeviling
a: Renounce Religion, Bend Time, Temporal Distortion, Slouch, Step From Time


You were on level 4 of the Swamp.
You worshipped Cheibriados.
Cheibriados was exalted by your worship.
You visited 6 branches of the dungeon, and saw 29 of its levels.
You also visited: Ossuary, Bailey and Ice Cave.

You collected 3150 gold pieces.
You spent 1130 gold pieces at shops.

Inventory:

Hand Weapons
 a - a +3 scimitar of electrocution
 b - the +8 autumn katana (weapon) {vorpal, Clar}
   (You found it on level 4 of the Lair of Beasts)

   It inflicts extra damage upon your enemies.
   It protects you against confusion.
 I - a +0 vampiric demon blade
 N - a +4 scimitar of flaming
 T - the +5 scimitar of Excruciating Pain {venom, rC++ Dex+5 Stlth-}
   (You found it on level 9 of the Dungeon)

   It poisons the flesh of those it strikes.
   It affects your dexterity (+5).
   It greatly protects you from cold.
   It makes you less stealthy.
Missiles
 e - a throwing net
 k - 62 poisoned darts (quivered)
 r - 17 javelins
 F - 4 atropa-tipped darts
 M - 2 curare-tipped darts
 Z - 8 silver javelins
Armour
 c - a +1 kite shield (worn)
 w - +0 swamp dragon scales (worn)
 C - the +0 chain mail of Parts Unknown {Str+4 Dex+4}
   (You bought it in a shop on level 7 of the Dungeon)

   It affects your strength (+4).
   It affects your dexterity (+4).
 Q - a +0 pair of gloves (worn)
 S - a +2 cloak of cold resistance (worn)
Jewellery
 d - an amulet of reflection (around neck)
 x - a ring of fire
 E - a ring of poison resistance
 H - an amulet of guardian spirit
 K - the ring of Coboit (left hand) {Will+ Int+9 Dex+6}
   (You found it on level 9 of the Dungeon)

   [ring of dexterity]

   It affects your intelligence (+9).
   It affects your dexterity (+6).
   It increases your willpower.
 V - a +4 ring of evasion (right hand)
Wands
 j - a wand of polymorph (32)
 p - a wand of digging (15)
 A - a wand of iceblast (9)
 L - a wand of flame (38)
 R - a wand of mindburst (14)
Scrolls
 i - 5 scrolls of fear
 l - 5 scrolls of amnesia
 m - a scroll of magic mapping
 u - 16 scrolls of identify
 v - a scroll of enchant armour
 y - 2 scrolls of fog
 B - 3 scrolls of enchant weapon
 J - a scroll of blinking
 P - 2 scrolls of summoning
 U - 4 scrolls of teleportation
 W - 2 scrolls of silence
Potions
 f - 11 potions of curing
 g - 5 potions of flight
 h - 2 potions of cancellation
 n - a potion of ambrosia
 o - 4 potions of might
 q - 2 potions of lignification
 s - 5 potions of brilliance
 t - 4 potions of mutation
 z - 5 potions of heal wounds
 D - a potion of invisibility
 G - 4 potions of magic
Miscellaneous
 O - a phantom mirror (inert)
 X - a tin of tremorstones (inert)


   Skills:
 * Level 11.2 Fighting
 * Level 14.1 Long Blades
 + Level 2.7 Throwing
 + Level 8.9 Armour
 * Level 10.5 Dodging
 + Level 3.0 Stealth
 + Level 11.5 Shields
 * Level 9.4 Spellcasting
 * Level 8.5 Conjurations
 * Level 5.8 Hexes
 * Level 2.5 Air Magic
 - Level 13.0 Invocations
 + Level 2.5 Evocations


You had 24 spell levels left.
You knew the following spells:

 Your Spells              Type           Power      Damage    Failure   Level
a - Confusing Touch       Hex            76%        N/A       1%          3
b - Searing Ray           Conj           100%       3d7       1%          2
c - Magic Dart            Conj           100%       1d8       1%          1
d - Airstrike             Air            18%        N/A       16%         4

Your spell library contained the following spells:

 Spells                   Type           Power      Damage    Failure   Level
 Corona                   Hex            84%        N/A       1%          1
 Foxfire                  Conj/Fire      100%       2x1d9     1%          1
 Shock                    Conj/Air       100%       1d9       1%          1
 Ensorcelled Hibernation  Hex/Ice        100%       N/A       1%          2
 Static Discharge         Conj/Air       56%        N/A       1%          2
 Dazzling Flash           Conj/Hex       100%       N/A       1%          3
 Tukima's Dance           Hex            76%        N/A       1%          3
 Stone Arrow              Conj/Erth      100%       3d13      2%          3
 Fulminant Prism          Conj/Hex       41%        3d20      2%          4
 Animate Skeleton         Necr           34%        N/A       4%          1
 Apportation              Tloc           34%        N/A       4%          1
 Sandblast                Erth           34%        2d9       4%          1
 Summon Small Mammal      Summ           68%        N/A       4%          1
 Swiftness                Air            37%        N/A       4%          3
 Cause Fear               Hex            38%        N/A       4%          4
 Passwall                 Tmut/Erth      14%        N/A       7%          2
 Iskenderun's Mystic Bla  Conj/Tloc      50%        2d11      8%          4
 Gell's Gravitas          Tloc           8%         N/A       13%         3
 Ignite Poison            Fire/Tmut/Pois 17%        N/A       13%         3
 Lesser Beckoning         Tloc           8%         N/A       13%         3
 Lightning Bolt           Conj/Air       28%        1d44      13%         5
 Fireball                 Conj/Fire      25%        3d11      22%         5
 Silence                  Hex/Air        32%        N/A       22%         5
 Metabolic Englaciation   Hex/Ice        28%        N/A       36%         5
 Yara's Violent Unravell  Hex/Tmut       28%        3d12      36%         5
 Animate Armour           Summ/Erth      34%        N/A       41%         4
 Petrify                  Tmut/Erth      17%        N/A       41%         4
 Invisibility             Hex            76%        N/A       52%         6
 Starburst                Conj/Fire      25%        8x6d8     75%         6
 Alistair's Intoxication  Tmut/Pois      11%        N/A       77%         5
 Borgnjor's Vile Clutch   Necr/Erth      8%         N/A       77%         5
 Lee's Rapid Deconstruct  Erth           8%         3d8*      77%         5
 Shadow Creatures         Summ           N/A        N/A       100%        6
 Dragon Form              Tmut           8%         N/A       100%        7
 Ignition                 Fire           8%         3d5       100%        8
 Dragon's Call            Summ           8%         N/A       100%        9


Dungeon Overview and Level Annotations

Branches:
Dungeon (15/15)            Temple (1/1) D:5            Lair (6/6) D:9
  Swamp (4/4) Lair:4        Snake (0/4) Lair:3        Slime (1/5) Lair:5
    Orc (2/2) D:9             Elf (0/3) Orc:2        Vaults (0/5) D:14
 Depths (0/5) D:15        Ossuary (visited)          Bailey (visited)
  IceCv (visited)

Altars:
Ashenzari
Cheibriados
Dithmenos
Elyvilon
Fedhas
Gozag
Hepliaklqana
Kikubaaqudgha
Makhleb
Nemelex Xobeh
Okawaru
Qazlal
Ru
Sif Muna
Trog
Uskayaw
Vehumet
Wu Jian
Xom
Yredelemnul
Zin
The Shining One
Jiyva

Shops:
D:7 ?[   D:14 (   Orc:2 =*(!

Portals:
Hell: Lair:6
Abyss: Swamp:2

Annotations:
D:4 1 runed translucent door
D:15 3 runed translucent doors, Biklutre's ghost, journeyman MiFi
Swamp:2 2 transporters, Cuegg's ghost, adept GrEE
Orc:1 1 runed translucent door, Dufo Axt's ghost, journeyman MfHu


Innate Abilities, Weirdness & Mutations

You have a pair of large horns on your head.
You are surrounded by a moderate repulsion field. (EV +3)
A meltable icy envelope protects you from harm. (AC +0)
You are mostly covered in sharp spines.
A meltable shield of frost defends you. (SH +0)
Your maledictions are enhanced.


Message History

+0 swamp dragon scales; a swamp dragon skeleton Done exploring.
Done exploring.
There is a stone staircase leading down, spattered with blood here.
You climb downwards.
There is a stone staircase leading up, spattered with blood here.
You see here a swamp drake skeleton.
A swamp drake and a fire dragon come into view.
A fire dragon comes into view.
The fire dragon moves out of view.
You see here a scroll of magic mapping.
There are monsters nearby!
There are monsters nearby!
You enter the shallow water.
Moving in this stuff is going to be slow.
The swamp drake roars!
The fire dragon roars deafeningly!
You hear a roar! x2
A fire crab comes into view.
A swamp drake comes into view.
The fire dragon roars deafeningly!
You hear a roar!
The swamp drake breathes poison at you. The noxious blast misses you.
The fire dragon breathes flames at you. The blast of flame hits you!!!
Your icy defenses dissipate!
You block the swamp drake's attack.
A lindwurm comes into view.
The swamp drake roars!
You hear a roar!
Unknown command.
Unknown command.
You enter the shallow water.
Moving in this stuff is going to be slow.
The lindwurm breathes flames at you.
The blast of flame hits the swamp drake!!!
The swamp drake dies!
The blast of flame hits you!! The fire dragon breathes flames at you.
The blast of flame hits you!!!
* * * LOW HITPOINT WARNING * * *
The fire dragon breathes flames at you. The blast of flame hits you!!
You die...

≈..≈♣♣♣.≈≈..........≈≈≈..
≈≈≈.≈♣.....≈≈≈.≈$...§≈≈≈≈
≈≈≈≈..≈≈≈≈..§≈.≈......≈≈.
≈≈≈≈≈.○≈≈≈.≈≈≈..≈§≈......
≈≈≈≈≈≈○○○○≈♣.≈≈≈≈≈≈≈≈≈.≈≈
≈≈≈R≈≈≈w.○≈♣.≈.≈≈≈≈≈≈≈§≈.
≈≈≈§R≈Dk≈♣♣♣≈≈÷<...≈§§≈§§
§≈≈...○D♣♣ ♣.≈.≈?..≈§≈≈♣.
≈≈≈≈..R†♣ ♣♣♣♣♣@°°§.≈≈♣
...≈≈≈.♣°≈♣ ♣§°°°≈§.♣♣
≈..♣≈≈≈ D≈.≈..≈°°♣°.≈≈..
.≈.≈≈.. .≈≈≈≈§D..§§≈.≈♣.≈
.♣♣≈≈.≈ ...♣≈≈Dk≈♣##♣≈§..
.≈...≈ °.≈.≈.≈k#. ♣.≈
≈##♣≈.° ≈§≈♣♣♣≈♣ # ♣≈
#♣♣° °.## #♣


You could see 2 fire dragons, a lindwurm (catching breath) and a swamp drake.

Vanquished Creatures
  Mara (Swamp:3)
  Jorgrun (Swamp:3)
  Gastronok (Lair:2)
  Kirke (D:14)
  A thorn hunter (Swamp:3)
  A rockslime (IceCv)
  2 azure jellies (IceCv)
  A fire giant (D:12)
  Aizul (Swamp:2)
  5 quicksilver oozes (IceCv)
  3 bunyips
  An ettin (D:15)
  3 eleionomae
  A fire dragon (D:14)
  A rakshasa (D:14)
  Erolcha (D:9)
  7 centaur warriors
  2 ogre magi (Orc:2)
  22 hydras
  A boulder beetle (D:11)
  Erica (Lair:1)
  3 catoblepae
  4 death yaks
  13 two-headed ogres
  2 tengu warriors (D:12)
  Urug (Orc:2)
  7 alligators
  An iron troll (Orc:2)
  A sixfirhy (Lair:6)
  2 spriggan druids
  5 goliath frogs
  3 deep trolls
  13 swamp dragons
  2 wizards
  3 orc knights
  4 bog bodies (Swamp:1)
  2 necromancers
  2 deep elf pyromancers
  A deep elf zephyrmancer (D:15)
  3 manticores
  2 orc sorcerers (Orc:1)
  2 ugly things
  An oklob plant (Orc:2)
  5 cyclopes
  Joseph (D:9)
  A guardian serpent (Lair:3)
  A guardian serpent (shapeshifter) (D:14)
  An ice statue (IceCv)
  15 elephants
  6 black mambas
  A gargoyle (D:13)
  3 torpor snails
  An orange demon (Lair:6)
  Maggie (D:8)
  2 kobold demonologists (D:11)
  2 unseen horrors
  9 cane toads
  2 efreet (D:14)
  12 komodo dragons
  A tengu conjurer (D:14)
  A freezing wraith (D:14)
  A hellwing (Lair:6)
  7 rime drakes
  2 very ugly thing simulacra (IceCv)
  16 trolls
  2 ice devils (Lair:6)
  2 red devils (Lair:6)
  2 entropy weaver simulacra (IceCv)
  A hornet (shapeshifter) (D:14)
  3 tyrant leeches
  6 meliai
  Prince Ribbit (D:7)
  A raiju (Swamp:2)
  9 hornets
  16 blink frogs
  35 slime creatures
  2 dream sheep (Lair:3)
  A redback (D:12)
  A shadow (D:11)
  7 spriggans
  3 vampires
  3 wraiths
  4 wyverns
  4 water elementals (D:15)
  96 yaks
  3 basilisks
  2 steam dragons
  9 vampire mosquitoes
  14 swamp worms
  An acid dragon (D:12)
  A warg (Orc:2)
  4 hell hounds (Lair:6)
  3 demonic crawler simulacra (IceCv)
  17 water moccasins
  31 orc warriors
  7 swamp drakes
  A sky beast (D:7)
  A hornet zombie (D:9)
  A necrophage (D:8)
  24 ogres
  7 wolves
  18 centaurs
  3 ugly thing simulacra (IceCv)
  2 phantoms
  3 kobold brigands
  17 bullfrogs
  A scorpion (D:4)
  3 gnoll sergeants
  A glowing shapeshifter simulacrum (IceCv)
  A wyvern zombie (D:8)
  3 troll zombies (Swamp:1)
  7 killer bees
  A troll skeleton (Swamp:1)
  7 wights
  2 howler monkeys
  5 electric eels (D:15)
  A bullfrog zombie (D:6)
  7 centaur zombies
  A jelly (D:5)
  7 orc priests
  2 gnoll shamans
  A human zombie (Ossuary)
  A centaur skeleton (D:7)
  5 hell rats (Lair:5)
  An iguana (D:5)
  13 orc wizards
  Natasha (twice) (D:2)
  4 mummies (Ossuary)
  A howler monkey zombie (D:7)
  21 gnolls
  4 adders
  A shadow imp (D:5)
  An ufetubus (Temple)
  An adder zombie (D:5)
  2 worms
  A dart slug (D:3)
  84 orcs
  4 bats
  10 endoplasms
  6 giant cockroaches
  A gnoll zombie (Ossuary)
  8 hobgoblins
  2 jackals (D:3)
  A quokka (D:2)
  6 ball pythons
  3 frilled lizards
  11 goblins
  2 goblin zombies
  A hobgoblin zombie (Ossuary)
  2 jackal skeletons (D:4)
  20 kobolds
  2 kobold zombies (Ossuary)
  An orc zombie (Ossuary)
  4 rats
  A rat zombie (D:4)
  A briar patch (Swamp:3)
872 creatures vanquished.

Vanquished Creatures (others)
  A wizard (D:15)
  2 bloated husks
  A spriggan (Swamp:3)
  A basilisk (D:14)
  A human (D:14)
  2 swamp drakes (Swamp:4)
  4 bushes (Lair:4)
  26 fungi
  22 plants
60 creatures vanquished.

Grand Total: 932 creatures vanquished

Notes
Turn   | Place    | Note
-------+----------+-------------------------------------------
     0 | D:1      | Morbidden the Demonspawn Fighter began the quest for the
                  | Orb.
     0 | D:1      | Reached XP level 1. HP: 18/18 MP: 1/1
   190 | D:1      | Gained mutation: You are partially covered in sharp spines.
                  | [demonic ancestry]
   190 | D:1      | Reached XP level 2. HP: 9/24 MP: 2/2
   192 | D:1      | Reached skill level 2 in Long Blades
   601 | D:1      | Found a faded altar of an unknown god.
   974 | D:2      | Gained mutation: You are surrounded by a mild repulsion
                  | field. (EV +2) [demonic ancestry]
   974 | D:2      | Reached XP level 3. HP: 29/29 MP: 3/3
  1175 | D:2      | Reached skill level 1 in Dodging
  1371 | D:2      | Noticed Natasha
  1846 | D:2      | Killed Natasha
  1847 | D:2      | Gained mutation: You have a pair of small horns on your
                  | head. [demonic ancestry]
  1847 | D:2      | Reached XP level 4. HP: 28/35 MP: 4/4
  2461 | D:4      | Reached skill level 3 in Long Blades
  2462 | D:4      | HP: 1/35 [frozen (5)]
  2464 | D:4      | Noticed a phantom
  2479 | D:4      | Noticed a human
  2480 | D:4      | Found a runed translucent door.
  2485 | D:4      | Found a sand-covered staircase.
  2492 | Ossuary  | Entered an ossuary
  3007 | Ossuary  | Gained mutation: You have a pair of horns on your head.
                  | [demonic ancestry]
  3007 | Ossuary  | Reached XP level 5. HP: 40/41 MP: 5/5
  3274 | D:4      | Killed a phantom
  3275 | D:4      | Reached skill level 4 in Long Blades
  3275 | D:4      | Reached XP level 6. HP: 33/48 MP: 6/6
  3717 | D:3      | Found a shimmering blue altar of Sif Muna.
  3861 | D:2      | Noticed Natasha
  3865 | D:2      | Killed Natasha
  3958 | D:4      | Found a basalt altar of Yredelemnul.
  4002 | D:4      | Reached skill level 5 in Long Blades
  4022 | D:4      | Found a burning altar of Makhleb.
  4023 | D:4      | Found a snail-covered altar of Cheibriados.
  4088 | D:4      | Reached XP level 7. HP: 54/54 MP: 7/7
  4278 | D:5      | Entered Level 5 of the Dungeon
  4636 | D:5      | Found a stormy altar of Qazlal.
  4870 | D:5      | Reached skill level 6 in Long Blades
  4870 | D:5      | Reached XP level 8. HP: 54/61 MP: 8/8
  4917 | D:5      | Found a staircase to the Ecumenical Temple.
  4935 | Temple   | Entered the Ecumenical Temple
  5321 | D:4      | Reached skill level 5 in Fighting
  5616 | D:4      | Became a worshipper of Cheibriados the Contemplative
  6200 | D:4      | Found a broken altar of Ashenzari.
  6528 | D:6      | Reached skill level 1 in Invocations
  6854 | D:6      | Reached skill level 7 in Long Blades
  6971 | D:6      | Reached skill level 1 in Spellcasting
  7125 | D:6      | Identified the +6 quarterstaff "Fauhiv" {freeze, rN+}
  7360 | D:6      | Reached skill level 1 in Throwing
  8022 | D:7      | Gained mutation: A meltable shield of frost defends you.
                  | (SH +0) [demonic ancestry]
  8022 | D:7      | Reached XP level 9. HP: 63/68 MP: 11/11
  8053 | D:7      | Reached * piety under Cheibriados
  8100 | D:7      | Noticed Prince Ribbit
  8107 | D:7      | Killed Prince Ribbit
  8395 | D:7      | Found Hyfuvaqo's Magic Scroll Emporium.
  8491 | D:7      | Reached skill level 8 in Long Blades
  8917 | D:7      | Found Sera's Antique Armour Shoppe.
  8925 | D:7      | Bought a fine chain mail for 294 gold pieces
  8925 | D:7      | Identified the +0 chain mail of Parts Unknown {Str+4 Dex+4}
                  | (You bought it in a shop on level 7 of the Dungeon)
  9567 | D:8      | Noticed Maggie
  9581 | D:8      | Killed Maggie
  9596 | D:8      | Reached ** piety under Cheibriados
 10134 | D:8      | Gained mutation: You are surrounded by a moderate repulsion
                  | field. (EV +3) [demonic ancestry]
 10134 | D:8      | Reached XP level 10. HP: 76/76 MP: 14/14
 10440 | D:8      | Found a bloodstained altar of Trog.
 10689 | D:9      | Reached skill level 5 in Shields
 10723 | D:9      | Reached *** piety under Cheibriados
 10734 | D:9      | Noticed Joseph
 10739 | D:9      | Reached skill level 9 in Long Blades
 10741 | D:9      | Killed Joseph
 10747 | D:9      | Reached skill level 1 in Evocations
 10795 | D:9      | Found a staircase to the Lair.
 10855 | D:9      | Noticed Erolcha
 10865 | D:9      | Killed Erolcha
 10880 | D:9      | Found a staircase to the Orcish Mines.
 10934 | D:9      | Found a flagged portal.
 10940 | Bailey   | Entered a bailey
 10962 | Bailey   | Noticed an orc knight
 10975 | Bailey   | Killed an orc knight
 10983 | Bailey   | Reached skill level 5 in Armour
 10988 | Bailey   | Reached skill level 5 in Invocations
 11000 | Bailey   | Reached **** piety under Cheibriados
 11007 | Bailey   | Reached skill level 5 in Dodging
 11183 | Bailey   | Noticed an orc knight
 11659 | D:9      | Reached XP level 11. HP: 83/83 MP: 17/17
 11672 | D:9      | Identified the +5 scimitar of Excruciating Pain {venom,
                  | rC++ Dex+5 Stlth-}
 11687 | D:9      | Found an iron altar of Okawaru.
 11836 | D:9      | Identified the ring of Coboit {Will+ Int+9 Dex+6}
 12090 | D:10     | Entered Level 10 of the Dungeon
 12157 | D:10     | Found a shadowy altar of Dithmenos.
 12166 | D:10     | Reached skill level 10 in Long Blades
 12349 | D:10     | Noticed a two-headed ogre
 12355 | D:10     | Killed a two-headed ogre
 12411 | D:10     | Noticed a two-headed ogre
 12432 | D:10     | Killed a two-headed ogre
 12432 | D:10     | Reached ***** piety under Cheibriados
 12539 | D:10     | Learned a level 1 spell: Magic Dart
 13007 | D:11     | Noticed a two-headed ogre
 13011 | D:11     | Killed a two-headed ogre
 13012 | D:11     | Reached skill level 1 in Conjurations
 13082 | D:11     | Noticed a boulder beetle
 13101 | D:11     | Killed a boulder beetle
 13206 | D:11     | Identified the +3 dagger of the Reaper {venom, rC+ Int+3
                  | Dex-5}
 13321 | D:12     | Reached skill level 5 in Spellcasting
 13499 | D:12     | Noticed a deep elf pyromancer
 13516 | D:12     | Killed a deep elf pyromancer
 13724 | D:12     | Noticed a purple ugly thing
 13724 | D:12     | Noticed a tengu warrior
 13724 | D:12     | Noticed a tengu warrior
 13724 | D:12     | Noticed a wizard
 13729 | D:12     | Gained mutation: You have a pair of large horns on your
                  | head. [demonic ancestry]
 13729 | D:12     | Reached XP level 12. HP: 86/91 MP: 19/19
 13733 | D:12     | Killed a tengu warrior
 13751 | D:12     | Killed a tengu warrior
 13766 | D:12     | Reached skill level 11 in Long Blades
 13994 | D:12     | Noticed a fire giant
 14444 | D:11     | Noticed a two-headed ogre
 14449 | D:11     | Killed a two-headed ogre
 14859 | Lair:1   | Entered Level 1 of the Lair of Beasts
 14915 | Lair:1   | Noticed Erica
 14923 | Lair:1   | Killed Erica
 15819 | Lair:2   | Identified the +1 plate armour of the End {rC- Int+2 Dex+6}
 16553 | Lair:2   | Noticed Gastronok
 16601 | Lair:2   | Killed Gastronok
 16602 | Lair:2   | Gained mutation: Your maledictions are enhanced. [demonic
                  | ancestry]
 16602 | Lair:2   | Reached XP level 13. HP: 37/98 MP: 22/22
 16838 | Lair:2   | Learned a level 2 spell: Searing Ray
 17381 | Lair:3   | Reached skill level 12 in Long Blades
 17682 | Lair:3   | Found a staircase to the Snake Pit.
 18285 | Lair:4   | Reached ****** piety under Cheibriados
 18472 | Lair:4   | Found a staircase to the Swamp.
 18496 | Lair:4   | Found the +8 autumn katana {vorpal, Clar}
 19080 | Lair:4   | Gained mutation: You are mostly covered in sharp spines.
                  | [demonic ancestry]
 19080 | Lair:4   | Reached XP level 14. HP: 56/106 MP: 24/24
 19090 | Lair:4   | Reached skill level 5 in Conjurations
 19618 | Lair:5   | Found a staircase to the Slime Pits.
 19618 | Lair:5   | Found a viscous altar of Jiyva.
 19634 | Lair:5   | Reached skill level 10 in Invocations
 20190 | Slime:1  | Entered Level 1 of the Pits of Slime
 20501 | Lair:6   | Entered Level 6 of the Lair of Beasts
 20793 | Lair:6   | Learned a level 3 spell: Confusing Touch
 20928 | Lair:6   | Reached skill level 1 in Stealth
 21626 | Lair:6   | Reached skill level 13 in Long Blades
 21651 | Lair:6   | Found a burning altar of Makhleb.
 21658 | Lair:6   | Reached skill level 1 in Hexes
 21703 | Lair:6   | Found a gateway to Hell.
 22829 | D:12     | Identified the +3 war axe of Adinku {vorpal, rCorr}
 22899 | D:12     | Killed a fire giant
 23441 | D:13     | Reached XP level 15. HP: 108/115 MP: 26/26
 24421 | D:14     | Found a radiant altar of Vehumet.
 24728 | D:14     | Found an ornate altar of the Wu Jian Council.
 25118 | D:14     | Found Buceunoc's Weapon Shop.
 25722 | D:14     | Reached skill level 10 in Fighting
 25805 | D:14     | Found a gate to the Vaults.
 25866 | D:14     | Reached skill level 10 in Shields
 25924 | D:14     | Noticed Kirke
 25930 | D:14     | Killed Kirke
 26301 | D:15     | Entered Level 15 of the Dungeon
 26874 | D:15     | Found a staircase to the Depths.
 27380 | D:15     | Found a runed translucent gate.
 27381 | D:15     | Found a runed translucent gate.
 27381 | D:15     | Found a runed translucent gate.
 27382 | D:15     | Noticed Biklutre's ghost (journeyman MiFi)
 28040 | Orc:1    | Entered Level 1 of the Orcish Mines
 28425 | Orc:1    | Found a runed translucent door.
 28425 | Orc:1    | Noticed Dufo Axt's ghost (journeyman MfHu)
 28496 | Orc:2    | Entered Level 2 of the Orcish Mines
 28496 | Orc:2    | Found Cupsottidgh's Distillery.
 28594 | Orc:2    | Bought a potion of might for 56 gold pieces
 28643 | Orc:2    | Found a staircase to the Elven Halls.
 29286 | Orc:2    | Found Ymnod's General Store.
 29287 | Orc:2    | Noticed Urug
 29298 | Orc:2    | Found Calisun's General Store.
 29348 | Orc:2    | Killed Urug
 29369 | Orc:2    | Gained mutation: A meltable icy envelope protects you from
                  | harm. (AC +0) [demonic ancestry]
 29369 | Orc:2    | Reached XP level 16. HP: 86/123 MP: 28/28
 29555 | Orc:2    | Found Assyete's Antique Weapon Boutique.
 29577 | Orc:2    | Found Nuxzoiskyer's Jewellery Shoppe.
 29954 | D:7      | Bought a scroll of acquirement for 780 gold pieces
 29956 | D:7      | Acquired 752 gold pieces
 30135 | Swamp:1  | Entered Level 1 of the Swamp
 31257 | Swamp:2  | Found a frozen archway.
 31270 | IceCv    | Entered an ice cave
 31350 | IceCv    | Reached skill level 5 in Hexes
 31977 | IceCv    | Found a viscous altar of Jiyva.
 32430 | Swamp:2  | Noticed Aizul
 32445 | Swamp:2  | Killed Aizul
 32673 | Swamp:2  | Learned a level 4 spell: Airstrike
 32722 | Swamp:2  | Reached skill level 14 in Long Blades
 33128 | Swamp:2  | Found a one-way gate to the infinite horrors of the Abyss.
 33129 | Swamp:2  | Noticed Cuegg's ghost (adept GrEE)
 33174 | Swamp:2  | Found a transporter.
 33182 | Swamp:2  | Found a transporter.
 33202 | Swamp:2  | Noticed a tentacled starspawn
 33342 | Swamp:2  | Reached skill level 10 in Dodging
 33657 | Swamp:3  | Reached skill level 1 in Air Magic
 33962 | Swamp:3  | Gained mutation: A meltable icy envelope protects you from
                  | harm. (AC +0) [demonic ancestry]
 33962 | Swamp:3  | Reached XP level 17. HP: 109/131 MP: 30/30
 34060 | Swamp:3  | Noticed Jorgrun
 34073 | Swamp:3  | Killed Jorgrun
 35164 | Swamp:4  | Entered Level 4 of the Swamp
 35173 | Swamp:4  | Noticed Mara
 35541 | Swamp:4  | Noticed Morbidden's illusion
 35576 | Swamp:3  | Noticed Morbidden's illusion
 35576 | Swamp:3  | Killed Mara
 35792 | Swamp:4  | Killed from afar by a fire dragon

Illustrated notes

Levels and vault maps discovered:
D:1:      wander_arrival_chamber, layout_basic,
          hellmonk_ecumenical_altar_blasted
D:2:      layout_loops_cross, uniq_natasha
D:3:      layout_basic, general_overflow_altar
D:4:      layout_cave_pools, kennysheep_mini_moat,
          nicolae_overflow_hidden_temple, dk_yredelemnul_ordeal, enter_ossuary_4
D:5:      layout_loops_cross, overflow_temple_1_default,
          minmay_temple_entry_drinking_statues
D:6:      layout_basic, serial_bayou_pond_e, hangedman_decor_push,
          kennysheep_generic_room_13
D:7:      layout_loops_corners, serial_shops, shop, shop, uniq_prince_ribbit1
D:8:      layout_basic, trog_book, palyth_stone_intersect, uniq_maggie
D:9:      layout_roguey [special_room_orc], okawaru_metal_pillars_1_2,
          dpeg_oklobed_lair, orc_0_dummy, enter_bailey_4, uniq_erolcha,
          uniq_joseph
D:10:     layout_roguey, grunt_dithmenos_smoke
D:11:     layout_gridville, gauntlet_entry_generic
D:12:     minmay_shrinking_squares, layout_loops_ring
D:13:     layout_basic
D:14:     layout_stronghold, david_vaults_4, vehumet_crystals, serial_shops,
          shop, hangedman_decor_growths, minmay_ruined_shrine, uniq_kirke
D:15:     hangedman_depths_entry_civil_slaughter, layout_basic,
          gammafunk_ghost_hydra_chop
Temple:   nicolae_temple_figure_eight
Lair:1:   layout_roguey, chequers_serial_rivers_small_b, guppyfry_lair_drakes,
          infiniplex_staircase_pool_2, uniq_erica
Lair:2:   layout_roguey, grunt_megastairs_2, uniq_gastronok
Lair:3:   layout_misc_corridors, minmay_snake_entry_spellcaster, st_stairs_11,
          infiniplex_staircase_pool
Lair:4:   layout_cave_shapes, minmay_swamp_entry_reptiles, serial_bayou_shore_b
Lair:5:   layout_long_grid, slime_altar_1, chequers_serial_rivers_large_a
Lair:6:   evil_forest, layout_small_grid, minivault_26,
          chequers_serial_rivers_micro_e, grunt_forest_small_clearing_treed
Swamp:1:  layout_falls_marsh, serial_swamp_ruin, evilmike_swamp_ruin_rubble_2,
          evilmike_swamp_ruin_house_2, evilmike_swamp_ruin_house_5, swamp_pool3,
          cheibrodos_swamp_minitomb
Swamp:2:  layout_basic_swamp, portal_ice_cave_entry_pillars_three,
          gammafunk_ghost_abyssal_escape, evilmike_swamp_ruin_rubble_1,
          uniq_aizul
Swamp:3:  layout_falls_marsh, hangedman_swamp_ruin_hall, swamp_pool3,
          st_swamp_ruins_1, uniq_jorgrun
Swamp:4:  swamp_fiery, layout_basic_swamp, swamp_pool4, uniq_mara
Slime:1:  layout_caves
Orc:1:    layout_caves, ebering_ghost_inner_flame
Orc:2:    st_orc_open, layout_diamond_mine, serial_shops, shop, mines3_lemuel,
          uniq_urug

Skill      XL: |  1  2  3  4  5  6  7  8  9 10 11 12 13 14 15 16 17 |
---------------+----------------------------------------------------+-----
Long Blades    | 2 3 4 5 6 7 8 9 10 11 12 13 14 | 14.1
Dodging        | 1 2 3 4 5 6 7 8 9 10 | 10.5
Armour         | 3 4 5 6 7 8 |  8.9
Shields        | 3 4 5 6 7 8 9 10 11 | 11.5
Fighting       | 4 5 6 7 8 9 10 11 | 11.2
Invocations    | 2 3 5 7 8 9 10 11 12 13 | 13.0
Spellcasting   | 1 2 4 5 6 7 8 9 |  9.4
Throwing       | 1 2 |  2.7
Evocations     | 2 |  2.5
Conjurations   | 1 3 4 6 7 8 |  8.5
Stealth        | 1 2 3 |  3.0
Hexes          | 2 4 5 |  5.8
Air Magic      | 1 2 |  2.5

Action                   |  1- 3 |  4- 6 |  7- 9 | 10-12 | 13-15 | 16-18 || total
-------------------------+-------+-------+-------+-------+-------+-------++-------
Melee: Long sword        |    71 |   120 |    68 |       |       |       ||   259
       Dagger            |       |     5 |       |       |       |       ||     5
       Headbutt          |       |    16 |    61 |   142 |   329 |   198 ||   746
       Scimitar          |       |       |   171 |   376 |   167 |   181 ||   895
       Katana            |       |       |       |       |   618 |   330 ||   948
 Fire: Arbalest          |       |       |       |     1 |       |       ||     1
Throw: Dart              |    23 |     5 |    35 |    20 |    28 |     6 ||   117
       Boomerang         |       |       |       |    38 |       |       ||    38
 Cast: Magic Dart        |       |       |       |       |    10 |       ||    10
       Searing Ray       |       |       |       |       |     8 |       ||     8
       Confusing Touch   |       |       |       |       |    12 |     1 ||    13
Invok: Step From Time    |       |       |       |     1 |       |       ||     1
       Slouch            |       |       |       |       |     3 |     2 ||     5
Evoke: Wand              |       |       |     2 |    18 |     8 |     3 ||    31
       Phantom mirror    |       |       |       |       |       |     2 ||     2
       Tin of tremorston |       |       |       |       |       |     2 ||     2
  Use: Potion            |     1 |     5 |     1 |    11 |       |       ||    18
       Scroll            |       |     8 |     9 |     7 |     2 |     4 ||    30
 Stab: Petrified         |       |       |       |       |     3 |       ||     3
       Confused          |       |       |       |       |    16 |     2 ||    18
       Sleeping          |       |       |       |       |       |     4 ||     4
Armor: Scale mail        |    28 |    26 |    40 |       |       |       ||    94
       Chain mail        |       |       |    21 |    49 |    89 |     4 ||   163
       Skin              |       |       |     8 |       |       |       ||     8
       Swamp dragon scal |       |       |       |       |     3 |    67 ||    70
Dodge: Dodged            |    14 |    35 |    71 |   121 |   434 |   429 ||  1104
Block: Kite shield       |    35 |    61 |   256 |   485 |  1069 |   652 ||  2558
       Reflection        |       |       |     3 |    38 |    59 |    16 ||   116
       Rpst.: Long sword |     6 |    12 |     4 |       |       |       ||    22
       Scimitar          |       |       |    10 |    30 |    20 |    30 ||    90
       Katana            |       |       |       |       |    47 |    22 ||    69

Table legend: (Time is in decaauts)
 A = Elapsed time spent in this place.
 B = Non-inter-level travel time spent in this place.
 C = Inter-level travel time spent in this place.
 D = Time resting spent in this place.
 E = Time spent auto-exploring this place.
 F = Levels seen in this place.
 G = Mean time per level.
                   A        B        C        D        E       F      G
               +--------+--------+--------+--------+--------+-----+--------+
         Total |  49756 |  44841 |   4915 |   4956 |  32600 |  32 | 1554.9 |
       Dungeon |  26513 |  23344 |   3169 |   2650 |  16888 |  15 | 1767.5 |
        Temple |    243 |    231 |     12 |      0 |    226 |   1 |  243.0 |
          Lair |  11416 |  10135 |   1281 |    571 |   8443 |   6 | 1902.7 |
         Swamp |   6059 |   5736 |    323 |    468 |   4347 |   4 | 1514.8 |
    Slime Pits |    171 |    171 |      0 |    161 |      0 |   1 |  171.0 |
  Orcish Mines |   2775 |   2646 |    129 |    306 |   1828 |   2 | 1387.5 |
       Ossuary |    796 |    796 |      0 |    452 |    230 |   1 |  796.0 |
        Bailey |    319 |    319 |      0 |     79 |      0 |   1 |  319.0 |
      Ice Cave |   1460 |   1460 |      0 |    268 |    637 |   1 | 1460.0 |
               +--------+--------+--------+--------+--------+-----+--------+

Top non-repeatable levels by time:
    D:14: 3269 daAuts
    D:12: 2846 daAuts
  Lair:6: 2470 daAuts
 Swamp:3: 2196 daAuts
  Lair:2: 2070 daAuts
     D:9: 2040 daAuts
    D:15: 1920 daAuts
 Swamp:1: 1901 daAuts
     D:8: 1896 daAuts
  Lair:1: 1895 daAuts
 Swamp:2: 1874 daAuts
  Lair:4: 1845 daAuts
    D:11: 1834 daAuts
     D:7: 1828 daAuts
   Orc:2: 1822 daAuts
